 Dungeon Crawl Stone Soup version 0.29.1-13-g9f3cf754e1 (webtiles) character file.

Game seed: 1316636958741722692

1075 sanboga the Spear-Bearer (level 8, -2/64 HPs)
             Began as a Merfolk Monk on Jan 31, 2023.
             Slain by a phantom (5 damage)
             ... on level 5 of the Dungeon on Feb 2, 2023.
             The game lasted 00:09:06 (8549 turns).

sanboga the Spear-Bearer (Merfolk Monk)             Turns: 8549, Time: 00:09:06

Health: -2/64      AC: 11    Str: 10 (13) XL:     8   Next: 29%
Magic:  8/8        EV:  2    Int: 10      God:
Gold:   235        SH:  0    Dex: 16      Spells: 7/7 levels left

rFire   . . .      SeeInvis .   a - +1 spear
rCold   . . .      Faith    .   (no shield)
rNeg    . . .      Spirit   .   h - +0 plate armour
rPois   .          Reflect  .   (no helmet)
rElec   .          Harm     .   (no cloak)
rCorr   .          Rampage  .   (no gloves)
Will    .....                   (no boots)
Stlth   ..........              (no amulet)
HPRegen 0.20/turn               (no ring)
MPRegen 0.11/turn               (no ring)

@: no status effects
A: (nimble swimmer 2), mertail
a: no special abilities


You were on level 5 of the Dungeon.
You visited 2 branches of the dungeon, and saw 6 of its levels.
You also visited: Sewer.

You collected 235 gold pieces.

Inventory:

Hand Weapons
 a - a +1 spear (weapon)
 g - the +7 Throatcutter {drain, coup de grace}
   (You found it on level 4 of the Dungeon)

   A truly terrible weapon, it drains the life of any living foe it strikes.
   It may instantly kill foes which have little health.
Armour
 h - a +0 plate armour (worn)
Jewellery
 i - a ring of ice
Wands
 d - a wand of digging (1)
Scrolls
 f - a scroll of identify
 l - a scroll of summoning {unknown}
 p - a scroll of noise {unknown}
 q - 2 scrolls of magic mapping
 s - 2 scrolls of butterflies {unknown}
 u - a scroll of teleportation
 w - a scroll of immolation {unknown}
Potions
 b - 3 potions of attraction
 c - a potion of ambrosia
 e - 3 potions of mutation
 j - a potion of curing
 n - a potion of cancellation
 o - a potion of flight {unknown}
 r - a potion of magic {unknown}
 t - a potion of invisibility {unknown}


   Skills:
 + Level 6.1 Fighting
 * Level 9.6 Polearms
 + Level 3.3 Armour
 - Level 4.0 Dodging
 - Level 2.1 Stealth


You had 7 spell levels left.
You didn't know any spells.
Your spell library contained the following spells:

 Spells                   Type           Power      Damage    Failure   Level
 Foxfire                  Conj/Fire      0%         2x1d4     100%        1
 Conjure Flame            Conj/Fire      0%         6-21      100%        3
 Dazzling Flash           Conj/Hex       0%         N/A       100%        3
 Inner Flame              Hex/Fire       0%         N/A       100%        3
 Flame Wave               Conj/Fire      0%         2d4       100%        4
 Olgreb's Toxic Radiance  Pois           0%         N/A       100%        4
 Agony                    Necr           0%         N/A       100%        5
 Silence                  Hex/Air        0%         N/A       100%        5
 Ozocubu's Refrigeration  Ice            0%         4d7       100%        7
 Ignition                 Fire           0%         3d3       100%        8


Dungeon Overview and Level Annotations

Branches:
Dungeon (5/15)             Temple (1/1) D:4           Sewer (visited)

Altars:
Cheibriados
Dithmenos
Gozag
Kikubaaqudgha
Makhleb
Nemelex Xobeh
Okawaru
Qazlal
Sif Muna
Trog
Uskayaw
Vehumet
Wu Jian
Yredelemnul
Zin
The Shining One


Innate Abilities, Weirdness & Mutations

((You are very nimble when in or above water. (Stealth+, EV+, Speed+++)))
Your lower body shifts to a powerful aquatic tail in water.


Message History

You hit the phantom.
The phantom is lightly damaged.
The phantom hits you.
The phantom blinks!
You blink.
You closely miss the phantom.
The phantom is lightly damaged.
The centaur shoots an arrow.
The arrow hits you.
You hit the phantom.
The phantom is lightly damaged.
The centaur shoots an arrow.
The arrow hits you!
The phantom hits you but does no damage.
You are too injured to fight recklessly!
You are too injured to fight recklessly!
You are too injured to fight recklessly!
You are too injured to fight recklessly!
You are too injured to fight recklessly!
You are too injured to fight recklessly!
You are too injured to fight recklessly!
You hit the phantom.
The phantom is lightly damaged.
The centaur shoots an arrow.
The arrow hits you. The phantom hits you.
You hit the phantom.
The phantom is moderately damaged.
The centaur shoots an arrow.
The arrow hits you!
* * * LOW HITPOINT WARNING * * *
You hit the phantom but do no damage.
The phantom is moderately damaged.
The centaur shoots an arrow.
The arrow hits you.
* * * LOW HITPOINT WARNING * * *
The phantom completely misses you.
You hit the phantom but do no damage.
The phantom is moderately damaged.
The centaur shoots an arrow.
The arrow hits you but does no damage.
You hit the phantom. You punch the phantom.
The phantom is heavily damaged.
The phantom hits you.
* * * LOW HITPOINT WARNING * * *
The centaur shoots an arrow.
The arrow hits you.
* * * LOW HITPOINT WARNING * * *
The phantom hits you.
You die...

#########
#.......#
#.......#
#.......## ##
#......... !.
#.......### # #.
#.......#
#.#.###..c..@W####
#.....$..........#
###...##.....###.#
###.##.....# #.#
#.##########.##
#.# ##.<.# #.#
##.#.#..# #.#
#.##.##.#### #.#
#..(.......#


You could see a phantom and a centaur.

Vanquished Creatures
  An ogre (D:4)
  5 kobold brigands
  A necrophage (D:4)
  2 scorpions (D:4)
  An orc priest (D:4)
  2 hounds (D:4)
  A gnoll bouda (D:4)
  An iguana (D:5)
  An orc wizard (D:4)
  9 adders
  4 gnolls
  4 river rats (Sewer)
  A worm (D:2)
  7 orcs
  2 bats
  11 endoplasms
  6 giant cockroaches
  6 goblins
  9 hobgoblins
  6 jackals
  21 kobolds
  12 quokkas
  8 ball pythons
  9 frilled lizards
  5 rats
135 creatures vanquished.

Vanquished Creatures (others)
  12 plants (Sewer)
12 creatures vanquished.

Grand Total: 147 creatures vanquished

Notes
Turn   | Place    | Note
-------+----------+-------------------------------------------
     0 | D:1      | sanboga the Merfolk Monk began the quest for the Orb.
     0 | D:1      | Reached XP level 1. HP: 18/18 MP: 1/1
   177 | D:1      | Reached XP level 2. HP: 24/24 MP: 2/2
   607 | D:1      | Found a faded altar of an unknown god.
   751 | D:1      | Reached XP level 3. HP: 15/30 MP: 3/3
  1142 | D:2      | Reached skill level 5 in Polearms
  1346 | D:2      | Reached skill level 1 in Armour
  1553 | D:2      | Reached XP level 4. HP: 37/37 MP: 4/4
  2414 | D:3      | Found an opulent altar of Gozag.
  2605 | D:3      | Found a glowing silver altar of Zin.
  2696 | D:3      | Found a sparkling altar of Nemelex Xobeh.
  2965 | D:3      | Found a basalt altar of Yredelemnul.
  3140 | D:3      | Reached XP level 5. HP: 41/42 MP: 5/5
  3421 | D:3      | Reached skill level 6 in Polearms
  3833 | D:4      | Found a glowing drain.
  3847 | D:4      | Reached XP level 6. HP: 45/49 MP: 6/6
  3859 | Sewer    | Entered a sewer
  4414 | Sewer    | Reached skill level 7 in Polearms
  4969 | Sewer    | Reached skill level 5 in Fighting
  4969 | Sewer    | Reached XP level 7. HP: 53/56 MP: 7/7
  5053 | Sewer    | Reached skill level 8 in Polearms
  5293 | D:4      | Found a shadowy altar of Dithmenos.
  6540 | D:4      | Found the +7 Throatcutter {drain, coup de grace}
  6551 | D:4      | Reached skill level 9 in Polearms
  6551 | D:4      | Reached XP level 8. HP: 59/64 MP: 8/8
  6811 | D:4      | Found a staircase to the Ecumenical Temple.
  7052 | Temple   | Entered the Ecumenical Temple
  8245 | D:5      | Entered Level 5 of the Dungeon
  8548 | D:5      | HP: 2/64 [centaur/arrow (5)]
  8549 | D:5      | Slain by a phantom

Illustrated notes

Levels and vault maps discovered:
D:1:      dpeg_arrival_arbitrary_b, layout_basic,
          shapermc_ecumenical_altar_petra
D:2:      layout_basic
D:3:      layout_loops_corners, pdpol_temple_overflow_zin_treasury_gozag_greed,
          nicolae_overflow_hidden_temple, nemelex_spade_bored_becter
D:4:      layout_loops_corners, lemuel_round_altar, minmay_temple_entry_slanted,
          gup_sewer_entry_pipe, dilly_guarded_unrand_throatcut
D:5:      layout_loops_ring, mainiacjoe_overflow_tiny_flanked,
          nicolae_specific_store, uniq_eustachio
Temple:   chequers_temple_sunken

Skill      XL: |  1  2  3  4  5  6  7  8 |
---------------+-------------------------+-----
Polearms       | 5 6 7 9 |  9.6
Armour         | 1 2 3 |  3.3
Fighting       | 4 5 6 |  6.1
Dodging        | |  4.0
Stealth        | |  2.1

Action                   |  1- 3 |  4- 6 |  7- 9 || total
-------------------------+-------+-------+-------++-------
Melee: Spear             |   139 |   395 |   276 ||   810
       Punch             |     2 |     8 |     7 ||    17
       Tailslap          |       |    12 |     2 ||    14
  Use: Scroll            |       |     4 |     6 ||    10
       Potion            |       |       |     8 ||     8
 Stab: Sleeping          |     6 |       |       ||     6
Armor: Robe              |     5 |       |       ||     5
       Plate armour      |    30 |   139 |   104 ||   273
Dodge: Dodged            |    39 |    70 |    19 ||   128
